 Dungeon Crawl Stone Soup version 0.25-a0-1007-g10a8c3caa8 (webtiles) character file.

Game seed: 356109581489483919, levelgen mode: deterministic

10097 MisterFreud the Nimble (level 11, -8/75 HPs)
             Began as an Octopode Gladiator on May 11, 2020.
             Was a High Priest of Cheibriados.
             Killed by the air
             ... invoked by Gastronok
              (33 damage)
             ... on level 11 of the Dungeon.
             The game lasted 00:16:13 (12169 turns).

MisterFreud the Nimble (Octopode Gladiator)        Turns: 12169, Time: 00:16:15

Health: -8/75      AC:  1    Str: 27    XL:     11   Next: 56%
Magic:  1/15       EV: 24    Int: 25    God:    Cheibriados [*****.]
Gold:   528        SH:  0    Dex: 25    Spells: 10/10 levels left

rFire    . . .     SeeInvis .   a - +1 long sword
rCold    . . .     Gourm    .   (no shield)
rNeg     . . .     Faith    +   b - +0 hat
rPois    .         Spirit   .   r - amulet of faith
rElec    .         Reflect  .   h - ring of flight
rCorr    .         Harm     .   K - ring of wizardry
MR       .....                  (no ring)
Stlth    +++.......             (no ring)
HPRegen  0.22/turn              (no ring)
MPRegen  0.14/turn              (no ring)
                                (no ring)
                                (no ring)

@: slowed, very slow
A: almost no armour, stealthy swim, amphibious, 8 rings, constrict 8, camouflage
1, gelatinous body 1
a: Bend Time, Temporal Distortion, Slouch, Step From Time, Renounce Religion,
Evoke Flight


You were on level 11 of the Dungeon.
You worshipped Cheibriados.
Cheibriados was extremely pleased with you.
You were hungry.

You visited 1 branch of the dungeon, and saw 11 of its levels.
You also visited: Sewer.

You collected 528 gold pieces.

Inventory:

Hand Weapons
 a - a +1 long sword (weapon)
Missiles
 c - 8 throwing nets (quivered)
 j - 348 stones
 m - 3 javelins
 o - 215 arrows
 s - 54 bolts
 C - 41 sling bullets
 G - 8 silver javelins
 M - 3 boomerangs
 Q - 18 poisoned darts
 U - 4 silver boomerangs
Armour
 b - a +0 hat (worn)
Jewellery
 h - a ring of flight (left tentacle)
 p - an uncursed amulet of regeneration
 r - an amulet of faith (around mantle)
 B - an uncursed amulet of harm {unknown}
 K - a ring of wizardry (right tentacle)
Wands
 n - a wand of polymorph (26)
 q - a wand of acid (4)
 H - a wand of iceblast (6)
 R - a wand of digging (4)
 V - a wand of paralysis (8)
Scrolls
 e - a scroll of enchant armour {unknown}
 f - 3 scrolls of fog {unknown}
 k - 9 scrolls of teleportation
 u - 6 scrolls of remove curse
 x - 5 scrolls of random uselessness {unknown}
 y - 6 scrolls of enchant weapon
 D - a scroll of noise {unknown}
 F - 2 scrolls of blinking {unknown}
 I - 3 scrolls of immolation {unknown}
 L - 3 scrolls of magic mapping {unknown}
 O - a scroll of amnesia {unknown}
 P - 2 scrolls of identify
 W - a scroll of brand weapon {unknown}
Potions
 g - 4 potions of curing
 i - 3 potions of magic
 l - 6 potions of flight
 t - a potion of invisibility
 v - 2 potions of ambrosia
 w - 4 potions of stabbing
 z - 2 potions of resistance
 A - 7 potions of lignification
 E - 2 potions of might {unknown}
 J - a potion of degeneration {unknown}
 N - 2 potions of mutation {unknown}
 S - a potion of cancellation {unknown}
Comestibles
 d - 19 rations


   Skills:
 + Level 7.4 Fighting
 + Level 10.8 Long Blades
 - Level 2.0 Throwing
 + Level 10.8 Dodging
 - Level 6.0 Invocations
 - Level 5.0 Evocations


You had 10 spell levels left.
You didn't know any spells.
Your spell library contained the following spells:

 Spells                   Type           Power        Failure   Level  Hunger
 Animate Skeleton         Necr           N/A          6%          1    ##.....
 Pain                     Necr           #...         6%          1    ##.....
 Vampiric Draining        Necr           #.........   16%         3    ####...
 Animate Dead             Necr           N/A          45%         4    #####..
 Agony                    Necr           #.......     80%         5    ######.


Dungeon Overview and Level Annotations

Branches:
Dungeon (11/15)            Temple (0/1) D:4            Lair (0/6) D:8
  Sewer (visited)
    Orc: D:9-12

Altars:
Cheibriados
Dithmenos
Fedhas
Gozag
Kikubaaqudgha
Nemelex Xobeh
Qazlal
Sif Muna
Wu Jian
Xom
The Shining One

Shops:
D:4 (   D:9 :

Annotations:
D:6 1 runed translucent door, Flugslaktarn's ghost, novice MiFi
D:11 Gastronok


Innate Abilities, Weirdness & Mutations

You cannot wear most types of armour.
You are very stealthy in the water. (Stealth+)
You are amphibious.
You can wear up to eight rings at the same time.
You can use your tentacles to constrict eight enemies at once.
Your skin changes colour to match your surroundings (Stealth+).
Your rubbery body absorbs attacks. (AC +1, EV +1)


Message History

Unknown command.
You can feel time thicken for a moment.
You feel somewhat more hungry.
Cheibriados lowers the support of your attributes as your movement quickens.
You slash Gastronok!
You squeeze Gastronok, but do no damage.
Gastronok is severely wounded.
Gastronok gurgles, "Huuuuuuuuuuungry!"
Gastronok chants a spell, wobbling all the while.
There's nothing to close nearby.
Evoke which item? (* to show all) (? for menu, Esc to quit)
Aiming: Corrosive Bolt
Press: ? - help, Shift-Dir - straight line, f/p - Gastronok
Aim: Gastronok, wearing a +1 hat (severely wounded, covering ground quickly)
The bolt of acid hits Gastronok!
Gastronok is splashed with acid!
The acid corrodes Gastronok!
Gastronok is almost dead.
Gastronok makes a strange noise.
Gastronok waves his eye-stalks in wide circles.
The air twists around and strikes you!!
You die...

#.......#
#.......#
#..?....###
#.........
#.......#
#.......#
#.......#
#.<.....#
#.?...@.#
#.....†w#
#######r....
......
$.....(
.......
.......
.......


You could see Gastronok (swift, corroded) and a river rat (summoned).

Vanquished Creatures
  Harold (D:8)
  2 two-headed ogres
  An unseen horror (D:10)
  A cyclops (D:9)
  Maggie (D:6)
  Prince Ribbit (D:5)
  Grinder (D:3)
  2 hippogriffs
  Sigmund (D:2)
  A wyvern (D:10)
  A human (D:7)
  3 hogs (D:7)
  A yak (D:7)
  Eustachio (D:5)
  Duvessa (D:5)
  A water moccasin (D:8)
  A soldier ant (D:10)
  2 sky beasts
  5 orc warriors
  2 black bears (D:6)
  4 phantoms
  An ice beast (D:10)
  6 ogres
  6 centaurs
  A crocodile (D:10)
  A big kobold (Sewer)
  3 bullfrogs
  Dowan (D:5)
  2 scorpions
  3 wights (D:7)
  3 howler monkeys
  15 crimson imps
  A bullfrog zombie (D:8)
  A jelly (D:6)
  2 quasits
  A centaur zombie (D:6)
  2 bullfrog skeletons (D:8)
  6 hounds
  8 orc priests
  2 iguanas
  Ijyb (D:5)
  7 orc wizards
  9 worker ants
  A hound skeleton (D:10)
  Robin (D:3)
  11 adders
  3 river rats (Sewer)
  A shadow imp (D:9)
  2 oozes
  5 worms
  A dart slug (D:2)
  4 leopard geckos
  37 orcs
  2 bats
  6 giant cockroaches
  10 goblins
  6 hobgoblins
  7 jackals
  3 quokkas
  2 ball pythons
  A jackal skeleton (D:5)
  11 kobolds
  10 rats
240 creatures vanquished.

Notes
Turn   | Place    | Note
-------+----------+-------------------------------------------
     0 | D:1      | MisterFreud the Octopode Gladiator began the quest for the
                  | Orb.
     0 | D:1      | Reached XP level 1. HP: 14/14 MP: 1/1
   364 | D:1      | Reached XP level 2. HP: 20/20 MP: 2/2
   769 | D:2      | Reached XP level 3. HP: 21/26 MP: 3/3
   788 | D:2      | Noticed Sigmund
   798 | D:2      | You fall into a shaft and drop 2 floors!
   820 | D:4      | Found an ornate altar of the Wu Jian Council.
   820 | D:4      | Found a stormy altar of Qazlal.
   822 | D:4      | Found a blossoming altar of Fedhas.
   964 | D:4      | Found a glowing drain.
   973 | Sewer    | Entered a sewer
   977 | Sewer    | Reached XP level 4. HP: 33/33 MP: 4/4
  1059 | Sewer    | Noticed a big kobold
  1072 | Sewer    | Killed a big kobold
  1072 | Sewer    | Reached XP level 5. HP: 16/37 MP: 5/5
  1111 | Sewer    | Found a glowing silver altar of Zin.
  1313 | D:3      | Found a snail-covered altar of Cheibriados.
  1438 | D:4      | Reached skill level 5 in Long Blades
  1477 | D:4      | Reached XP level 6. HP: 43/43 MP: 6/6
  1608 | D:4      | Found an ancient bone altar of Kikubaaqudgha.
  1923 | D:3      | Became a worshipper of Cheibriados the Contemplative
  2026 | D:4      | Found a staircase to the Ecumenical Temple.
  2205 | D:4      | Found Kodwib's Weapon Boutique.
  2346 | D:2      | Killed Sigmund
  2510 | D:2      | You fall into a shaft and drop 2 floors!
  2641 | D:3      | Found a shimmering altar of Xom.
  2646 | D:3      | Reached XP level 7. HP: 46/48 MP: 7/7
  2663 | D:3      | Reached skill level 5 in Dodging
  2853 | D:3      | Noticed Robin
  2867 | D:3      | Killed Robin
  2870 | D:3      | Reached * piety under Cheibriados
  2970 | D:3      | Noticed Grinder
  2977 | D:3      | Killed Grinder
  3726 | D:2      | Reached ** piety under Cheibriados
  4232 | D:5      | Entered Level 5 of the Dungeon
  4282 | D:5      | Reached XP level 8. HP: 50/54 MP: 8/8
  4581 | D:5      | Noticed Prince Ribbit
  4589 | D:5      | Killed Prince Ribbit
  5091 | D:5      | Found a shimmering blue altar of Sif Muna.
  5092 | D:5      | Noticed Eustachio
  5104 | D:5      | Killed Eustachio
  5104 | D:5      | Reached skill level 5 in Invocations
  5124 | D:5      | Noticed Duvessa
  5135 | D:5      | Noticed Dowan
  5140 | D:5      | Killed Duvessa
  5140 | D:5      | Reached XP level 9. HP: 37/58 MP: 13/13
  5144 | D:5      | Killed Dowan
  5375 | D:5      | Found a glowing golden altar of the Shining One.
  5592 | D:5      | Noticed Ijyb
  5599 | D:5      | Killed Ijyb
  5727 | D:6      | Noticed Maggie
  5735 | D:6      | Killed Maggie
  5735 | D:6      | Reached skill level 1 in Evocations
  5736 | D:6      | Reached *** piety under Cheibriados
  6371 | D:6      | Found a runed translucent door.
  6373 | D:6      | Found a shimmering altar of Xom.
  6373 | D:6      | Noticed a +2 spear of chaos
  6373 | D:6      | Noticed Flugslaktarn's ghost (novice MiFi)
  6470 | D:6      | Reached skill level 5 in Fighting
  6779 | D:6      | Reached **** piety under Cheibriados
  7003 | D:6      | Found a sparkling altar of Nemelex Xobeh.
  7004 | D:6      | Found an opulent altar of Gozag.
  7308 | D:7      | Reached XP level 10. HP: 61/68 MP: 14/14
  8020 | D:7      | Reached skill level 5 in Evocations
  8221 | D:7      | Reached ***** piety under Cheibriados
  8723 | D:8      | Noticed Harold
  8732 | D:8      | Killed Harold
  8732 | D:8      | Reached skill level 10 in Dodging
  9085 | D:8      | Noticed a two-headed ogre
  9096 | D:8      | Killed a two-headed ogre
  9224 | D:8      | Reached skill level 10 in Long Blades
  9244 | D:8      | Reached XP level 11. HP: 45/72 MP: 15/15
  9778 | D:8      | Found a staircase to the Lair.
 10005 | D:9      | Noticed a cyclops
 10017 | D:9      | Killed a cyclops
 10671 | D:9      | Found Eqoten's Book Shoppe.
 11060 | D:10     | Entered Level 10 of the Dungeon
 11176 | D:10     | Killed an unseen horror
 11691 | D:10     | Found a shadowy altar of Dithmenos.
 11737 | D:10     | Reached ****** piety under Cheibriados
 11961 | D:10     | Noticed a two-headed ogre
 11966 | D:10     | Killed a two-headed ogre
 12153 | D:11     | Noticed Gastronok
 12169 | D:11     | Killed from afar by Gastronok

Illustrated notes

Levels and vault maps discovered:
D:1:      dpeg_arrival_rooms_c, layout_basic
D:2:      minmay_wonky_spiral, layout_basic, uniq_sigmund
D:3:      layout_rooms, nicolae_overflow_hidden_temple, first_ration,
          led_xom_imps, uniq_robin, uniq_grinder
D:4:      mumra_celtic_spiral_tile, layout_basic,
          chequers_temple_overflow_statue_of_worship, kiku_gazebo_garden_becter,
          serial_shops, shop, cheibrodos_sewer_entry_drain, minmay_starry_boxes
D:5:      cheibrodos_barr_body, layout_gridville, old_standard_altar,
          basic_altar, uniq_duvessa, uniq_eustachio, uniq_prince_ribbit1,
          uniq_ijyb
D:6:      layout_loops_ring, grunt_temple_overflow_opulence, ebering_ghost_xom,
          uniq_maggie
D:7:      layout_loops_ring, grunt_livestock
D:8:      layout_loops_ring, david_lair_shrubbed, lemuel_statue_altar,
          uniq_harold
D:9:      layout_loops_ring, serial_shops, shop
D:10:     layout_gridville, nicolae_dithmenos_the_darkroom
D:11:     layout_small_grid, david_orc_2, hangedman_tell_no_tales,
          uniq_gastronok, uniq_maurice, uniq_erolcha

Skill      XL: |  1  2  3  4  5  6  7  8  9 10 11 |
---------------+----------------------------------+-----
Fighting       | 3 4 5 6 7 |  7.4
Long Blades    | 4 5 6 7 10 | 10.8
Dodging        | 4 6 8 9 10 | 10.8
Invocations    | 6 |  6.0
Evocations     | 3 5 |  5.0
Throwing       | |  2.0

Action                   |  1- 3 |  4- 6 |  7- 9 | 10-12 || total
-------------------------+-------+-------+-------+-------++-------
Melee: Long sword        |    25 |    61 |   219 |   191 ||   496
       Constrict         |     8 |    18 |    69 |    43 ||   138
       Tentacles         |     3 |    16 |    78 |   107 ||   204
Invok: Slouch            |       |       |       |     4 ||     4
Evoke: Wand              |       |       |     2 |     2 ||     4
  Use: Scroll            |     5 |     4 |     2 |     3 ||    14
       Potion            |       |     1 |     3 |     3 ||     7
 Stab: Sleeping          |     6 |     5 |     4 |    19 ||    34
       Distracted        |       |       |       |     3 ||     3
  Eat: Chunk             |       |     4 |     5 |     8 ||    17
       Ration            |       |       |     1 |       ||     1
Armor: Skin              |     2 |     1 |     9 |     3 ||    15
Dodge: Dodged            |    13 |    32 |   189 |   182 ||   416
       Rpst.: Long sword |     2 |     8 |    59 |    37 ||   106

Table legend:
 A = Non-vault XP
 B = Vault XP
 C = Vault XP percentage of total XP
 D = Non-vault monster count
 E = Vault monster count
 F = Vault count percentage of total count
                 A         B        C        D         E       F
            +---------+---------+-------+---------+---------+-------
      Total |   10111 |    4314 |  29.9 |     185 |      55 |  22.9
            +---------+---------+-------+---------+---------+-------
        D:1 |      16 |       0 |   0.0 |       6 |       0 |   0.0
        D:2 |     100 |     224 |  69.1 |      20 |       7 |  25.9
        D:3 |      32 |     494 |  93.9 |      13 |      16 |  55.2
        D:4 |     127 |      45 |  26.2 |       9 |       4 |  30.8
        D:5 |     316 |    1114 |  77.9 |       5 |      12 |  70.6
        D:6 |    1145 |     359 |  23.9 |      31 |       1 |   3.1
        D:7 |    1716 |     976 |  36.3 |      39 |       5 |  11.4
        D:8 |    2051 |     955 |  31.8 |      20 |       1 |   4.8
        D:9 |    1287 |       0 |   0.0 |      20 |       0 |   0.0
       D:10 |    3137 |       0 |   0.0 |      20 |       0 |   0.0
       D:11 |     184 |       0 |   0.0 |       2 |       0 |   0.0
      Sewer |       0 |     147 | 100.0 |       0 |       9 | 100.0
            +---------+---------+-------+---------+---------+-------
